 Dungeon Crawl Stone Soup version 0.21-a0-516-gaaff437 (webtiles) character file.

28928 Gerstahl the Cruncher (level 13, -7/103 HPs)
             Began as a Demonspawn Gladiator on Dec 3, 2017.
             Was a High Priest of Ashenzari.
             Mangled by a sixfirhy (10 damage)
             ... summoned by an orc high priest
             ... on level 2 of the Orcish Mines.
             The game lasted 00:52:46 (21873 turns).

Gerstahl the Cruncher (Demonspawn Gladiator)       Turns: 21873, Time: 00:52:47

Health: -7/103     AC: 13    Str: 14    XL:     13   Next: 12%
Magic:  0/21       EV: 21    Int: 11    God:    Ashenzari [*****.]
Gold:   1316       SH:  0    Dex: 28    Spells: 2/12 levels left

rFire    x . .     SeeInvis +   a - +0 quarterstaff (curse)
rCold    . . .     Gourm    .   (shield currently unavailable)
rNeg     . . .     Faith    .   o - +5 leather armour "Ytanajoa" {rF- Dex+9} (curse)
rPois    .         Spirit   +   (helmet unavailable)
rElec    .         Reflect  .   (no cloak)
rCorr    .         Harm     .   h - +0 pair of gloves
MR       .....     Clarity  +   v - +0 pair of boots
Stlth    +++.......             (no amulet)
HPRegen  0.27/turn              s - ring of wizardry
MPRegen  0.34/turn              (no ring)

@: drained
A: horns 3, iridescent scales 1, nightstalker 1, magic shield, magic
regeneration
a: Curse Item, Scrying, Transfer Knowledge, Renounce Religion


You were on level 2 of the Orcish Mines.
You worshipped Ashenzari.
Ashenzari was extremely pleased with you.
You were hungry.

You visited 4 branches of the dungeon, and saw 16 of its levels.

You collected 1568 gold pieces.
You spent 252 gold pieces at shops.

Inventory:

Hand Weapons
 a - a cursed +0 quarterstaff (weapon)
Armour
 h - a +0 pair of gloves (worn)
 k - a +0 ring mail
 o - the cursed +5 leather armour "Ytanajoa" (worn) {rF- Dex+9}
   (You bought it in a shop on level 8 of the Dungeon)

   It affects your dexterity (+9).
   It makes you vulnerable to fire.
   It has a curse placed upon it.
 v - a +0 pair of boots (worn)
Magical Staves
 g - an uncursed staff of energy
Jewellery
 c - an uncursed ring of magical power
 s - a ring of wizardry (left hand)
Wands
 w - a wand of polymorph (24)
Scrolls
 d - a scroll of magic mapping
 e - 7 scrolls of remove curse
 j - a scroll of amnesia
 m - 5 scrolls of teleportation
 q - 8 scrolls of identify
 y - a scroll of fog
 A - a scroll of fear {unknown}
 C - a scroll of enchant weapon {unknown}
Potions
 i - 2 potions of brilliance
 l - 2 potions of might
 z - a potion of curing {unknown}
Books
 u - a book of Geomancy

   Spells                             Type                      Level
   a - Sandblast                      Earth                        1
   b - Passwall                       Transmutation/Earth          2
   c - Stone Arrow                    Conjuration/Earth            3
   d - Petrify                        Transmutation/Earth          4
   e - Lee's Rapid Deconstruction     Earth                        5
Comestibles
 f - 10 bread rations
 p - 12 royal jellies


   Skills:
 + Level 10.0(9.9) Fighting
 + Level 11.1(15.8) Staves
 - Level 1.7(1.6) Throwing
 + Level 8.2(8.1) Armour
 + Level 8.8(8.7) Dodging
 + Level 10.8(10.7) Evocations


You had 2 spell levels left.
You knew the following spells:

 Your Spells              Type           Power        Failure   Level  Hunger
a - Blink                 Tloc           N/A          26%         2    ###....
b - Mephitic Cloud        Conj/Pois/Air  #.......     43%         3    ####...
c - Lee's Rapid Deconstr  Erth           #.........   98%         5    ######.


Dungeon Overview and Level Annotations

Branches:
Dungeon (11/15)            Temple (1/1) D:4            Lair (2/6) D:11
    Orc (2/2) D:10            Elf (0/3) Orc:2
  Swamp: Lair:2-4    Shoals: Lair:2-4     Snake: Lair:2-4    Spider: Lair:2-4

Altars:
Ashenzari
Cheibriados
Dithmenos
Elyvilon
Fedhas
Gozag
Hepliaklqana
Kikubaaqudgha
Makhleb
Nemelex Xobeh
Okawaru
Qazlal
Ru
Sif Muna
Trog
Uskayaw
Vehumet
Wu Jian
Xom
Yredelemnul
Zin
The Shining One

Shops:
D:5 [?:*   D:8 *   D:11 (   Orc:2 %%

Annotations:
D:3 Sigmund
Lair:2 exclusion: 6 oklob plants


Innate Abilities, Weirdness & Mutations

You have a pair of large horns on your head.
You are partially covered in iridescent scales. (AC +2)
You are slightly more attuned to the shadows.
When hurt, damage is shared between your health and your magic reserves.
You regenerate magic rapidly.


Message History

a +0 falchion
Items here: ))) [[[ The sixfirhy hits you.
* * * LOW HITPOINT WARNING * * *
The sixfirhy shocks you!
* * * LOW HITPOINT WARNING * * *
The sixfirhy barely misses you. The sixfirhy misses you. The sixfirhy hits you.
* * * LOW HITPOINT WARNING * * *
The sixfirhy shocks you!
* * * LOW HITPOINT WARNING * * *
The sixfirhy hits you.
* * * LOW HITPOINT WARNING * * *
The sixfirhy shocks you!
* * * LOW HITPOINT WARNING * * *
The sixfirhy closely misses you. The sixfirhy closely misses you.
The sixfirhy hits you.
* * * LOW HITPOINT WARNING * * *
The sixfirhy shocks you!
You die...

..#..........................#...
..........................#.....)
.................................
....................[............
............)......)[...........#
.....................).......#...
....................[............
...............).................
................@)............##.
...........##..3#..[.............
..........###..###...............
.........###..#####..............
........###..###.###.............
.......###.4###..)###............
......###.[###)#)#.###...........
.....###[o###...#.).###..........
....###.[###..)###)4.###.....#.#.


You could see an orange demon and a sixfirhy.

Vanquished Creatures
  A death knight (D:11)
  2 hydras (Lair:2)
  3 two-headed ogres
  A sixfirhy (Orc:2)
  A lindwurm (Orc:2)
  3 orc knights (Orc:2)
  2 ugly things (D:11)
  An orc sorcerer (Orc:2)
  A gargoyle (D:11)
  2 orange demons (Orc:2)
  5 spiny frogs
  The ghost of Tux the Cutter, a novice HaFi (D:4)
  5 komodo dragons
  A rime drake (Lair:1)
  A freezing wraith (D:11)
  A yaktaur (Orc:2)
  2 ice devils (Orc:2)
  2 trolls
  A hornet (D:10)
  3 blink frogs (Lair:1)
  5 hippogriffs
  2 wraiths (D:11)
  15 yaks
  4 wyverns
  Eustachio (D:6)
  2 humans
  3 hogs (D:7)
  A hungry ghost (D:10)
  A steam dragon (D:10)
  2 basilisks
  4 porcupines
  7 water moccasins
  30 orc warriors
  2 ice beasts
  2 phantoms
  7 ogres
  5 centaurs
  3 crocodiles
  9 bullfrogs
  A water moccasin zombie (D:8)
  6 scorpions
  14 killer bees
  10 wights
  5 howler monkeys
  2 crimson imps
  A quasit (D:7)
  26 orc priests
  2 bullfrog skeletons
  6 hounds
  3 jellies
  13 orc wizards
  3 iron imps (D:8)
  Terence (D:3)
  Natasha (thrice) (D:2 D:3)
  10 iguanas
  13 worker ants
  Robin (D:2)
  3 gnolls (D:7)
  12 adders
  2 shadow imps
  2 oozes (D:1)
  3 adder skeletons
  4 worms
  7 dart slugs
  4 leopard geckos
  64 orcs
  2 giant cockroaches (D:2)
  8 hobgoblins
  7 jackals
  3 kobolds
  2 quokkas
  3 ball pythons
  2 bats
  2 frilled lizards
  16 goblins
  A goblin skeleton (D:5)
  A goblin zombie (D:8)
  2 leopard gecko skeletons
  A leopard gecko zombie (D:4)
  A quokka skeleton (D:6)
  9 rats
  A rat zombie (D:8)
426 creatures vanquished.

Vanquished Creatures (others)
  An orc priest (Orc:2)
  An orc wizard (D:9)
  A fungus (Lair:2)
  A plant (Lair:1)
4 creatures vanquished.

Grand Total: 430 creatures vanquished

Notes
Turn   | Place    | Note
-------+----------+-------------------------------------------
     0 | D:1      | Gerstahl the Demonspawn Gladiator began the quest for the Orb.
     0 | D:1      | Reached XP level 1. HP: 16/16 MP: 1/1
   156 | D:1      | Reached skill level 3 in Staves
   156 | D:1      | Gained mutation: When hurt, damage is shared between your health and your magic reserves. [demonic ancestry]
   156 | D:1      | Reached XP level 2. HP: 21/23 MP: 2/2
   607 | D:2      | Noticed Natasha
   617 | D:2      | Killed Natasha
   617 | D:2      | Gained mutation: You regenerate magic rapidly. [demonic ancestry]
   617 | D:2      | Reached XP level 3. HP: 25/29 MP: 1/3
   670 | D:2      | Noticed Robin
   702 | D:2      | Reached XP level 4. HP: 9/35 MP: 0/4
   710 | D:2      | Killed Robin
  1121 | D:2      | Found a shattered altar of Ashenzari.
  1130 | D:2      | Became a worshipper of Ashenzari the Shackled
  1583 | D:3      | Reached skill level 4 in Staves
  1906 | D:3      | Noticed Terence
  1913 | D:3      | Killed Terence
  1913 | D:3      | Reached XP level 5. HP: 29/42 MP: 5/5
  2054 | D:3      | Noticed Sigmund
  2524 | D:3      | Noticed Natasha
  2538 | D:3      | Killed Natasha
  2958 | D:4      | Reached * piety under Ashenzari
  3181 | D:4      | Noticed Tux's ghost (novice HaFi)
  3215 | D:4      | Reached XP level 6. HP: 48/49 MP: 6/6
  3225 | D:3      | Noticed Natasha
  3228 | D:3      | Killed Natasha
  3398 | D:4      | Reached skill level 1 in Evocations
  3408 | D:4      | Reached skill level 5 in Fighting
  3408 | D:4      | Reached skill level 5 in Staves
  3615 | D:4      | HP: 2/51 [Tux's ghost (10)]
  3620 | D:4      | Killed Tux's ghost
  3620 | D:4      | Reached XP level 7. HP: 45/57 MP: 1/9
  3815 | D:4      | Found a staircase to the Ecumenical Temple.
  3833 | Temple   | Entered the Ecumenical Temple
  4191 | D:5      | Entered Level 5 of the Dungeon
  4296 | D:5      | Found Cetus's Assorted Antiques.
  4387 | D:5      | Found Wemiq's Book Shoppe.
  4507 | D:5      | Reached ** piety under Ashenzari
  4529 | D:5      | Reached skill level 6 in Staves
  4529 | D:5      | Gained mutation: You have a pair of small horns on your head. [demonic ancestry]
  4529 | D:5      | Reached XP level 8. HP: 35/64 MP: 5/10
  4830 | D:5      | Found Valu's Armour Shop.
  4867 | D:5      | Found a runed door.
  4874 | D:5      | Found a basalt altar of Yredelemnul.
  4979 | D:5      | Found Xuidghi's Magic Scroll Emporium.
  5589 | D:6      | Found a basalt altar of Yredelemnul.
  5589 | D:6      | Noticed Eustachio
  5612 | D:6      | Killed Eustachio
  5647 | D:6      | Reached skill level 5 in Evocations
  5963 | D:6      | Reached skill level 7 in Staves
  6316 | D:6      | Gained mutation: You have a pair of horns on your head. [demonic ancestry]
  6316 | D:6      | Reached XP level 9. HP: 63/72 MP: 13/13
  7237 | D:7      | Reached skill level 1 in Armour
  7333 | D:7      | Reached skill level 8 in Staves
  7613 | D:7      | Reached *** piety under Ashenzari
  8297 | D:7      | Learned a level 2 spell: Blink
  8301 | D:7      | Learned a level 3 spell: Mephitic Cloud
  8464 | D:8      | Noticed a two-headed ogre
  8516 | D:8      | Found a burning altar of Makhleb.
  8710 | D:8      | Gained mutation: You are partially covered in iridescent scales. (AC +2) [demonic ancestry]
  8710 | D:8      | Reached XP level 10. HP: 25/80 MP: 6/15
  9401 | D:8      | Found a white marble altar of Elyvilon.
  9454 | D:8      | Found Zynoul's Assorted Antiques.
  9465 | D:8      | Bought a bloodstained leather armour for 252 gold pieces
  9465 | D:8      | Identified the +5 leather armour "Ytanajoa" {rF- Dex+9} (You bought it in a shop on level 8 of the Dungeon)
  9807 | D:8      | Identified the +2 short sword "Ulaonnyi" {pierce, MR+ Str+2 Dex+6} (You took it off a centaur on level 8 of the Dungeon)
 10092 | D:8      | Reached skill level 5 in Dodging
 10310 | D:9      | Found a deep blue altar of Sif Muna.
 10328 | D:9      | Found an ancient bone altar of Kikubaaqudgha.
 10351 | D:9      | Noticed a two-headed ogre
 10527 | D:9      | Killed a two-headed ogre
 10527 | D:9      | Reached skill level 9 in Staves
 10784 | D:9      | Noticed a two-headed ogre
 10822 | D:9      | Reached skill level 5 in Armour
 10825 | D:9      | Killed a two-headed ogre
 10825 | D:9      | Reached XP level 11. HP: 22/86 MP: 5/17
 11246 | D:9      | Reached **** piety under Ashenzari
 11691 | D:10     | Entered Level 10 of the Dungeon
 11846 | D:10     | Found a staircase to the Orcish Mines.
 12454 | D:10     | Noticed a two-headed ogre
 12459 | D:10     | Killed a two-headed ogre
 12468 | D:10     | Paralysed by a hornet for 2 turns
 12920 | D:10     | Learned a level 5 spell: Lee's Rapid Deconstruction
 12970 | D:11     | Noticed a purple ugly thing
 12990 | D:11     | Killed a purple ugly thing
 13162 | D:11     | Noticed a cyan ugly thing
 13184 | D:11     | Killed a cyan ugly thing
 13339 | D:11     | Noticed a death knight
 13823 | D:11     | Killed a death knight
 13823 | D:11     | Reached skill level 10 in Staves
 14205 | D:11     | Found a staircase to the Lair.
 14207 | D:11     | Found Kyenken's Antique Weapon Emporium.
 14399 | Lair:1   | Entered Level 1 of the Lair of Beasts
 15106 | Lair:1   | Gained mutation: You are slightly more attuned to the shadows. [demonic ancestry]
 15106 | Lair:1   | Reached XP level 12. HP: 72/94 MP: 19/19
 16201 | Lair:2   | Reached ***** piety under Ashenzari
 16205 | Lair:2   | Found a stormy altar of Qazlal.
 16249 | Lair:2   | Noticed a four-headed hydra
 16260 | Lair:2   | Killed a four-headed hydra
 16260 | Lair:2   | Reached skill level 10 in Evocations
 17001 | Lair:2   | Noticed a seven-headed hydra
 17004 | Lair:2   | Killed a seven-headed hydra
 17541 | Orc:1    | Entered Level 1 of the Orcish Mines
 17600 | Orc:2    | Entered Level 2 of the Orcish Mines
 17600 | Orc:2    | Found a staircase to the Elven Halls.
 17644 | Orc:1    | Found an iron altar of Okawaru.
 18783 | Orc:2    | Found Fuecuor's Food Emporium.
 18903 | Orc:2    | HP: 4/97 [poisoned by an orange demon]
 18908 | Orc:2    | HP: 4/97 [poisoned by an orange demon]
 18913 | Orc:2    | HP: 4/97 [poisoned by an orange demon]
 19846 | Orc:2    | Found Doceogg's Food Shoppe.
 19872 | Orc:2    | Reached skill level 11 in Staves
 19882 | Orc:2    | Gained mutation: You have a pair of large horns on your head. [demonic ancestry]
 19882 | Orc:2    | Reached XP level 13. HP: 43/103 MP: 16/21
 20402 | Orc:2    | Reached skill level 10 in Fighting
 21148 | Orc:2    | HP: 1/103 [lindwurm (7)]
 21873 | Orc:2    | HP: 3/103 [sixfirhy[an orc high priest] (3)]
 21873 | Orc:2    | Mangled by a sixfirhy

Vault maps used:
D:1:      onia_arrival_mini_maze
D:2:      evilmike_ruin_ashenzari, uniq_natasha, uniq_robin
D:3:      kennysheep_slugbush, uniq_terence, uniq_sigmund
D:4:      minmay_temple_entry_nine_rooms
D:5:      serial_shops, shop, shop, nicolae_shop_temple_entry_statues_fountains,
          shop, first_bread, hex_intersection, dk_yredelemnul_ordeal
D:6:      basic_altar, uniq_eustachio
D:7:      grunt_livestock, roderic_serpentine_path
D:8:      demons_altar, marbit_many_paths, enter_ossuary_4, serial_shops, shop
D:9:      led_sif_book, nicolae_overflow_hidden_temple, minmay_statues_item
D:10:     erik_orc_3
D:11:     lair_entry_dummy, serial_shops, shop
Temple:   compressed_dpeg_circular_temple
Lair:1:   beast_lair_carwin_4
Lair:2:   dpeg_oklob_gauntlet, lemuel_oklob_altar
Orc:1:    david_defended_altar_orc
Orc:2:    pf_orc_diabolical, nicolae_volcano_entry_lava_flow

Skill      XL: |  1  2  3  4  5  6  7  8  9 10 11 12 13 |
---------------+----------------------------------------+-----
Staves         | 3 4 5 6 7 8 9 10 11 | 11.1
Fighting       | 3 4 5 6 7 8 9 10 | 10.0
Evocations     | 2 3 5 7 8 9 10 | 10.8
Armour         | 3 5 6 8 |  8.2
Dodging        | 4 6 7 8 |  8.8
Throwing       | |  1.7

Action                   |  1- 3 |  4- 6 |  7- 9 | 10-12 | 13-15 || total
-------------------------+-------+-------+-------+-------+-------++-------
Melee: Quarterstaff      |    84 |   236 |   351 |  1093 |   110 ||  1874
       Headbutt          |       |       |    52 |   360 |    42 ||   454
Throw: Throwing net      |     3 |     4 |     2 |       |       ||     9
Invok: Curse Item        |       |     1 |       |     1 |       ||     2
Evoke: Wand              |       |       |     7 |    35 |     8 ||    50
  Use: Scroll            |       |     1 |     7 |     1 |       ||     9
       Potion            |       |     6 |     5 |     3 |     1 ||    15
 Stab: Held in net/web   |     2 |       |       |       |       ||     2
       Sleeping          |       |     4 |       |     8 |       ||    12
       Distracted        |       |       |       |     4 |     1 ||     5
  Eat: Chunk             |       |     7 |     8 |    13 |       ||    28
       Royal jelly       |       |     1 |       |       |     1 ||     2
       Meat ration       |       |       |     2 |     4 |       ||     6
       Bread ration      |       |       |       |       |     1 ||     1
Armor: Leather armour    |    25 |    68 |    61 |   165 |     9 ||   328
       Ring mail         |       |       |    12 |    21 |       ||    33
Dodge: Dodged            |    44 |   151 |   222 |   696 |    60 ||  1173

Table legend:
 A = Spawn XP
 B = Non-spawn XP
 C = Spawn XP percentage of total XP
 D = Spawn monster count
 E = Non-spawn monster count
 F = Spawn count percentage of total count
 G = Total turns spent on level
                    A         B        C        D         E        F      G
               +---------+---------+-------+---------+---------+-------+---------
         Total |       0 |   41327 |   0.0 |       0 |     427 |   0.0 | 21873
               +---------+---------+-------+---------+---------+-------+---------
           D:1 |       0 |      35 |   0.0 |       0 |      15 |   0.0 |   607
           D:2 |       0 |     117 |   0.0 |       0 |      29 |   0.0 |  1215
           D:3 |       0 |     171 |   0.0 |       0 |      24 |   0.0 |  1008
           D:4 |       0 |     879 |   0.0 |       0 |      22 |   0.0 |  1276
           D:5 |       0 |     782 |   0.0 |       0 |      19 |   0.0 |  1348
           D:6 |       0 |    1142 |   0.0 |       0 |      21 |   0.0 |  1190
           D:7 |       0 |    2064 |   0.0 |       0 |      24 |   0.0 |  1774
           D:8 |       0 |    2199 |   0.0 |       0 |      46 |   0.0 |  1707
           D:9 |       0 |    4030 |   0.0 |       0 |      29 |   0.0 |  1533
          D:10 |       0 |    2790 |   0.0 |       0 |      33 |   0.0 |  1409
          D:11 |       0 |    5468 |   0.0 |       0 |      41 |   0.0 |  1311
        Lair:1 |       0 |    5292 |   0.0 |       0 |      23 |   0.0 |  1782
        Lair:2 |       0 |    6046 |   0.0 |       0 |      20 |   0.0 |  1296
         Orc:1 |       0 |     125 |   0.0 |       0 |       3 |   0.0 |   331
         Orc:2 |       0 |   10187 |   0.0 |       0 |      78 |   0.0 |  4001
               +---------+---------+-------+---------+---------+-------+---------
